AoeStats
← _atheris_

Arabia

510407838Analyzed
1v1 RM · 23h ago on Sep 30, 2026· 49m 3s· 2 players
Game mode
Random Map
Map size
Tiny (2 player)
Population
200
Speed
Normal
Resources
Standard
Victory
Conquest
Starting age
Dark Age
Ending age
Imperial Age
RankedLock teamsTeams togetherTeam positionsShared explorationLock speedFull tech treeHidden civsTurbo modeCheats
Victory
Defeat
🇧🇴 Lithuanians · Bolivia
962
+17
🇨🇱 Magyars · Chile
984
-17
jp906991
9:44 Feudal Age
8:00 Loom
10:50 Double-Bit Axe
12:15 Scale Barding Armor
15:06 Forging
16:56 Bloodlines
17:54 Wheelbarrow
18:55 Town Watch
21:57 Castle Age
19:50 Town Watch
20:27 Bloodlines
20:49 Horse Collar
24:04 Hand Cart
24:31 Husbandry
29:06 Heavy Plow
32:26 Chain Barding Armor
34:11 Iron Casting
33:27 Fletching
37:47 Bodkin Arrow
40:33 Imperial Age
38:18 Gold Mining
39:59 Elite Skirmisher
41:35 Bracer
44:30 Redemption
43:53 Cavalier
44:03 Pikeman
47:28 Plate Barding Armor
47:38 Conscription
_atheris_
10:39 Feudal Age
12:10 Man-at-Arms
14:55 Scale Barding Armor
16:19 Loom
18:00 Fletching
18:48 Double-Bit Axe
24:07 Castle Age
24:27 Padded Archer Armor
24:20 Pikeman
26:04 Gold Mining
26:23 Bodkin Arrow
28:50 Light Cavalry
30:16 Husbandry
32:37 Chain Barding Armor
33:02 Treadmill Crane
35:28 Bloodlines
40:33 Imperial Age
38:40 Wheelbarrow
38:30 Ballistics
38:29 Leather Archer Armor
38:32 Crossbowman
40:58 Bow Saw
41:04 Fishing Lines
42:01 Bracer
42:27 Conscription
43:46 Thumb Ring
44:30 Corvinian Army
44:17 Arbalester
47:51 Two-Man Saw
Connection lost

Rejoining the realm…

Still unreachable

The connection could not be restored.

Session expired

The server has moved on; the page needs a fresh start.